[Event "Titled Tuesday Blitz May 18 2021"]
[White "Klimkowski, Jan"]
[Black "Tabatabaei, M. Amin"]
[WhiteFideId "21856222"]
[BlackFideId "12521213"]
[WhiteElo "1903"]
[BlackElo "2555"]
[Result "0-1"]
[Round "02"]
[TimeControl "180+1"]
[Date "2021.05.18"]
[WhiteClock "0:00:05"]
[BlackClock "0:00:09"]

1. e4 c5 2. Nf3 e6 3. d4 cxd4 4. Nxd4 Nc6 5. Nc3 Qc7 6. Be2 Nf6 7. O-O a6 8. Be3 Be7 9. f4 d6 10. Qe1 O-O 11. Qg3 Nxd4 12. Bxd4 b5 13. a3 Bb7 14. Bd3 Bc6 15. Rae1 Rad8 16. h3 Qb7 17. Qf2 a5 18. g4 b4 19. axb4 axb4 20. g5 Nh5 21. Nd1 Nxf4 22. Qxf4 e5 23. Qg3 exd4 24. Nf2 b3 25. Re2 bxc2 26. Rxc2 Ba4 27. Re2 Bb5 28. h4 Rfe8 29. h5 g6 30. hxg6 hxg6 31. Kg2 Bxd3 32. Nxd3 Qb5 33. e5 dxe5 34. Rxe5 Qc6+ 35. Qf3 Qxf3+ 36. Rxf3 Bd6 37. Rd5 Bb8 38. Rb5 Re7 39. Rb4 Kg7 40. Rb5 Bc7 41. Rc5 Rh8 42. Rc4 Rh2+ 43. Kg1 Rd2 44. Kf1 Bb6 45. Rc6 Ba7 46. Rcf6 Bb8 47. b4 Ra7 48. b5 Be5 49. Ra6 Rxa6 50. bxa6 Bb8 51. Nb4 Rd1+ 52. Ke2 Ra1 53. Nc6 Bc7 54. a7 Bb6 55. Rb3 Bxa7 56. Rb7 Ra2+ 57. Kd3 Bc5 58. Ne5 Rf2 59. Ke4 Bd6 60. Nd3 Rf5 61. Rd7 Bg3 62. Kxd4 Bh4 63. Ke4 Bxg5 64. Ne5 Bh4 65. Nd3 Bg3 66. Rb7 Rf6 67. Nc5 g5 68. Nd3 Rf1 69. Nc5 Kg6 70. Rb6+ f6 71. Nd7 g4 72. Ke3 Bf2+ 73. Ke2 Bxb6 74. Kxf1 Bc7 75. Nc5 f5 76. Nd3 Bd6 77. Kg2 f4 78. Ne1 Kf5 79. Kf2 Ke4 80. Ng2 Bc5+ 81. Kf1 f3 82. Nh4 g3 0-1


[Site "https://www.chess.com"]

[Event "Titled Tuesday Blitz May 18 2021"]
[White "Nakamura, Hikaru"]
[Black "Pert, Richard G"]
[WhiteFideId "2016192"]
[BlackFideId "404748"]
[WhiteElo "2900"]
[BlackElo "2441"]
[Result "1-0"]
[Round "02"]
[TimeControl "180+1"]
[Date "2021.05.18"]
[WhiteClock "0:01:35"]
[BlackClock "0:00:05"]

1. Nf3 d5 2. e3 Nf6 3. c4 e6 4. Nc3 a6 5. b3 c5 6. Bb2 Nc6 7. cxd5 exd5 8. d4 cxd4 9. Nxd4 Bd6 10. Be2 O-O 11. O-O Re8 12. Rc1 Nxd4 13. Qxd4 Be5 14. Qh4 Be6 15. Na4 Bxb2 16. Nxb2 Ne4 17. Qxd8 Raxd8 18. Bf3 Nd2 19. Rfd1 Nxf3+ 20. gxf3 Kf8 21. Kf1 d4 22. e4 Rc8 23. Ke2 Ke7 24. Kd3 Red8 25. Rxc8 Rxc8 26. Rd2 Rc3+ 27. Ke2 g5 28. Rxd4 g4 29. Rd3 Rc2+ 30. Rd2 gxf3+ 31. Ke3 Rc3+ 32. Kf4 b5 33. Nd1 Rc1 34. Kxf3 h5 35. Ne3 Rh1 36. Kg2 Ra1 37. f4 Re1 38. Kf3 Bg4+ 39. Nxg4 hxg4+ 40. Kxg4 Rxe4 41. Kf3 Rb4 42. Ke3 a5 43. Rd4 1-0


[Site "https://www.chess.com"]

[Event "Titled Tuesday Blitz May 18 2021"]
[White "Pantsulaia, Levan"]
[Black "Spata, German"]
[WhiteFideId "13602071"]
[BlackFideId "113026"]
[WhiteElo "2530"]
[BlackElo "2238"]
[Result "1-0"]
[Round "02"]
[TimeControl "180+1"]
[Date "2021.05.18"]
[WhiteClock "0:02:05"]
[BlackClock "0:00:37"]

1. Nf3 d5 2. g3 Nf6 3. Bg2 Bf5 4. c4 c6 5. cxd5 cxd5 6. Qb3 Qb6 7. Qxb6 axb6 8. Nc3 Nc6 9. d3 e6 10. Nb5 Bb4+ 11. Bd2 Bxd2+ 12. Kxd2 Kd7 13. Nfd4 Bg6 14. f4 Ne8 15. g4 Nd6 16. f5 Nxd4 17. Nxd4 exf5 18. gxf5 Bh5 19. Bxd5 Rhe8 20. e4 g6 21. Rhf1 gxf5 22. Nxf5 Nxf5 23. Rxf5 Bg6 24. Rf6 1-0


[Site "https://www.chess.com"]

[Event "Titled Tuesday Blitz May 18 2021"]
[White "Sadhwani, Raunak"]
[Black "Matinian, Nikita"]
[WhiteFideId "35093487"]
[BlackFideId "24129100"]
[WhiteElo "2514"]
[BlackElo "2410"]
[Result "1-0"]
[Round "02"]
[TimeControl "180+1"]
[Date "2021.05.18"]
[WhiteClock "0:00:09"]
[BlackClock "0:00:02"]

1. b3 g6 2. Bb2 Nf6 3. Nf3 Bg7 4. g3 c5 5. c4 d6 6. Bg2 e5 7. O-O Nc6 8. Nc3 O-O 9. e3 Bf5 10. Qe2 Re8 11. d3 Qd7 12. Rfd1 Bh3 13. Bh1 Bg4 14. Rd2 Nd4 15. exd4 exd4 16. Ne4 Nxe4 17. dxe4 f5 18. Qe1 fxe4 19. Nxd4 cxd4 20. Bxd4 Bf3 21. Qe3 Rf8 22. Re1 Rae8 23. Bxg7 Kxg7 24. Qxa7 Qh3 25. Rxd6 e3 26. Qd4+ Kh6 27. Bxf3 Rxf3 28. fxe3 Rexe3 29. Qxe3+ Rxe3 30. Rxe3 Qf5 31. Rd2 Qb1+ 32. Kg2 b6 33. Rde2 Kg5 34. Re6 Qd1 35. h4+ Kh6 36. R6e5 Qd3 37. Rf2 Qb1 38. Re7 Qc2 39. Rxc2 1-0


[Site "https://www.chess.com"]

[Event "Titled Tuesday Blitz May 18 2021"]
[White "Salem, A.R. Saleh"]
[Black "Dowgird, Filip"]
[WhiteFideId "9301348"]
[BlackFideId "1121235"]
[WhiteElo "2659"]
[BlackElo "2209"]
[Result "1/2-1/2"]
[Round "02"]
[TimeControl "180+1"]
[Date "2021.05.18"]
[WhiteClock "0:00:06"]
[BlackClock "0:00:06"]

1. d4 Nf6 2. c4 Nc6 3. Nf3 e6 4. a3 d6 5. Nc3 g6 6. e4 Bg7 7. Be2 O-O 8. Bg5 h6 9. Bc1 Re8 10. O-O e5 11. d5 Nd4 12. Be3 Nxe2+ 13. Qxe2 Nh5 14. Ne1 Nf4 15. Qd2 Qf6 16. f3 a6 17. c5 Bd7 18. b4 h5 19. Nd3 Bh6 20. Nxf4 exf4 21. Bd4 Qg5 22. Rfe1 h4 23. Kh1 h3 24. Rg1 hxg2+ 25. Rxg2 Qh5 26. Rf2 Bg7 27. Bxg7 Kxg7 28. Qxf4 Re5 29. Rg1 Rh8 30. Ne2 Qh3 31. Qg3 Qh6 32. Nd4 Kf8 33. Re2 Rh5 34. cxd6 Rh3 35. Qe5 cxd6 36. Qxd6+ Kg7 37. Reg2 Bc8 38. Ne6+ Bxe6 39. dxe6 Qe3 40. Qe5+ Kf8 41. Qf6 Qxf3 42. Qxf7+ Qxf7 43. exf7 Kxf7 44. Rf1+ Ke7 45. Rc1 Rxa3 46. Rc7+ Kf6 47. Rxb7 Rc8 48. Rb6+ Ke5 49. Rbxg6 Kxe4 50. R6g4+ Kf5 51. h4 Rh3+ 52. Kg1 Rc1+ 53. Kf2 Rc2+ 54. Kg1 Rxg2+ 55. Rxg2 Rxh4 56. Rb2 Rg4+ 57. Kf2 Re4 58. Kf3 Ke5 59. Ra2 Rxb4 60. Rxa6 Kd5 61. Ra5+ Kc4 62. Rf5 Rb5 63. Rxb5 Kxb5 1/2-1/2


[Site "https://www.chess.com"]

[Event "Titled Tuesday Blitz May 18 2021"]
[White "Santiago, Yago De Moura"]
[Black "Deac, Bogdan-Daniel"]
[WhiteFideId "2103877"]
[BlackFideId "1226380"]
[WhiteElo "2475"]
[BlackElo "2605"]
[Result "0-1"]
[Round "02"]
[TimeControl "180+1"]
[Date "2021.05.18"]
[WhiteClock "0:00:02"]
[BlackClock "0:00:08"]

1. d4 Nf6 2. c4 e6 3. Nc3 Bb4 4. e3 c5 5. a3 cxd4 6. axb4 dxc3 7. bxc3 d6 8. Bd3 Nbd7 9. Nf3 a6 10. Qc2 b6 11. e4 Bb7 12. Bf4 Qc7 13. Rd1 h6 14. Qe2 e5 15. Bc1 b5 16. cxb5 axb5 17. Bxb5 Qxc3+ 18. Bd2 Qc7 19. Nh4 Bxe4 20. O-O O-O 21. Rc1 Qd8 22. Rc3 d5 23. Rg3 Kh8 24. f4 Ra2 25. Qe3 d4 26. Qe1 Qb6 27. Bd3 Bxd3 28. Rxd3 e4 29. Rg3 e3 30. Bc1 Qe6 31. Kh1 Ne4 32. Rh3 Ndf6 33. f5 Qd5 34. Kg1 Nf2 35. Rg3 Nd3 36. Qd1 e2 37. Qxd3 exf1=Q+ 38. Qxf1 Qc6 39. Be3 dxe3 0-1


[Site "https://www.chess.com"]

[Event "Titled Tuesday Blitz May 18 2021"]
[White "Sarana, Alexey"]
[Black "Maiorov, Nikita"]
[WhiteFideId "24133795"]
[BlackFideId "13501720"]
[WhiteElo "2629"]
[BlackElo "2440"]
[Result "1-0"]
[Round "02"]
[TimeControl "180+1"]
[Date "2021.05.18"]
[WhiteClock "0:00:03"]
[BlackClock "0:00:01"]

1. e4 e5 2. Nf3 Nc6 3. Bb5 a6 4. Ba4 Nf6 5. O-O Be7 6. Re1 b5 7. Bb3 d6 8. c3 O-O 9. h3 Na5 10. Bc2 c5 11. d4 Nd7 12. d5 Re8 13. Nbd2 Nf8 14. b4 Nb7 15. a4 Bd7 16. a5 c4 17. Nf1 Ng6 18. Ng3 Nh4 19. Nxh4 Bxh4 20. Qh5 g6 21. Qh6 Bf6 22. Qe3 Qe7 23. Bd2 Bc8 24. Rf1 Rf8 25. Ne2 Bg7 26. Kh2 f6 27. f4 Bh6 28. Qg3 Qg7 29. Rad1 Bd7 30. Be3 Rae8 31. Bb6 Nd8 32. f5 Nf7 33. Rf2 Bc8 34. Rdf1 gxf5 35. Qxg7+ Kxg7 36. exf5 Bb7 37. Ng3 Bf4 38. Rxf4 exf4 39. Nh5+ Kh8 40. Nxf4 Rg8 41. Bd4 Ne5 42. g4 Re7 43. Be4 Kg7 44. Ne6+ Kf7 45. Rf4 h6 46. Kg3 h5 47. Bxe5 dxe5 48. Rf2 Ke8 49. Rd2 Rh7 50. Nc5 hxg4 51. hxg4 Rhg7 52. Bf3 Bc8 53. Kf2 Rh8 54. Ke3 Rh3 55. Ke4 Rg3 56. Rh2 R7xg4+ 57. Bxg4 Rxg4+ 58. Ke3 Bxf5 59. d6 Rg3+ 60. Kd2 e4 61. Rh8+ Kf7 62. d7 Bxd7 63. Rh7+ Kg6 64. Rxd7 f5 65. Ne6 Rg2+ 66. Ke3 1-0


[Site "https://www.chess.com"]

[Event "Titled Tuesday Blitz May 18 2021"]
[White "Schmakel, Sam"]
[Black "Yoo, Christopher Woojin"]
[WhiteFideId "2039311"]
[BlackFideId "30909694"]
[WhiteElo "2356"]
[BlackElo "2009"]
[Result "1-0"]
[Round "02"]
[TimeControl "180+1"]
[Date "2021.05.18"]
[WhiteClock "0:00:07"]
[BlackClock "0:00:12"]

1. d4 Nf6 2. c4 e6 3. Nf3 b6 4. g3 Ba6 5. Nbd2 Bb4 6. Qa4 c5 7. a3 Bxd2+ 8. Bxd2 cxd4 9. Nxd4 Bb7 10. f3 O-O 11. Bg2 Nc6 12. Nb5 d5 13. cxd5 Nxd5 14. e4 Nc7 15. Nxc7 Qxc7 16. O-O Rfd8 17. Bc3 a6 18. Rac1 b5 19. Qc2 Qe7 20. Qf2 Rd7 21. Rfd1 Rxd1+ 22. Rxd1 Rd8 23. Rc1 a5 24. Qb6 b4 25. axb4 axb4 26. Be1 Rc8 27. Bf1 h5 28. Bb5 Ne5 29. Rxc8+ Bxc8 30. Be2 b3 31. Bb4 Qd7 32. Qc5 f6 33. Qf8+ Kh7 34. Qc5 g6 35. Kf2 Bb7 36. Qe3 Kg7 37. Bc3 Bc6 38. Qd4 Qe7 39. h3 Qf7 40. f4 Nd7 41. g4 e5 42. Qd6 Bxe4 43. fxe5 fxe5+ 44. Ke1 hxg4 45. Bxe5+ Kh7 46. Bxg4 Bf5 47. Bxf5 Qxf5 48. Bd4 Qf7 49. Kd2 Nf8 50. Qe5 Kh6 51. Qh8+ Kg5 52. Be3+ Kf5 53. Qd4 Ne6 54. Qd5+ Kf6 55. Bd4+ Nxd4 56. Qxd4+ Ke7 57. Qa7+ Ke6 58. Qxf7+ Kxf7 59. Kc3 g5 60. Kxb3 Kg6 61. Kc4 Kh5 62. b4 Kh4 63. b5 Kxh3 64. b6 g4 65. b7 g3 66. b8=Q g2 67. Qh8+ Kg3 68. Qd4 Kh2 69. Qh4+ Kg1 70. Kd3 Kf1 71. Qf4+ Kg1 72. Ke2 Kh1 73. Qh4+ Kg1 74. Kf3 Kf1 75. Qf2# 1-0


[Site "https://www.chess.com"]

[Event "Titled Tuesday Blitz May 18 2021"]
[White "Sengupta, Deep"]
[Black "Ibrahimli, Murad"]
[WhiteFideId "5008352"]
[BlackFideId "13410229"]
[WhiteElo "2347"]
[BlackElo "2109"]
[Result "1-0"]
[Round "02"]
[TimeControl "180+1"]
[Date "2021.05.18"]
[WhiteClock "0:00:19"]
[BlackClock "0:00:19"]

1. Nf3 Nf6 2. g3 g6 3. b3 Bg7 4. Bb2 O-O 5. Bg2 d6 6. O-O c5 7. c4 e5 8. Nc3 Nc6 9. d3 a6 10. Nd2 Rb8 11. Nd5 Nxd5 12. cxd5 Ne7 13. a4 b5 14. axb5 axb5 15. b4 Bb7 16. e4 cxb4 17. Qb3 Qb6 18. Qxb4 Qc5 19. Qb3 Qc7 20. Rfc1 Qd7 21. Qb4 Rfc8 22. Ba3 Rxc1+ 23. Rxc1 Rd8 24. Nb3 f5 25. Na5 fxe4 26. dxe4 Bh6 27. Rb1 Ba6 28. h3 Bf8 29. Rc1 Rc8 30. Rxc8 Nxc8 31. Nc6 Bg7 32. Bf1 Qb7 33. Qa5 Bf6 34. Bb4 Kf7 35. h4 h5 36. Bh3 Nb6 37. Bxd6 Nc4 38. Nd8+ Bxd8 39. Qxd8 Nxd6 40. Qxd6 b4 41. Be6+ Kg7 42. Qxe5+ Kh7 43. d6 b3 44. d7 b2 45. Bg8+ 1-0


[Site "https://www.chess.com"]

[Event "Titled Tuesday Blitz May 18 2021"]
[White "Sevian, Samuel"]
[Black "Oliveira, Silvio Eduardo"]
[WhiteFideId "2040506"]
[BlackFideId "2111560"]
[WhiteElo "2973"]
[BlackElo "2302"]
[Result "1-0"]
[Round "02"]
[TimeControl "180+1"]
[Date "2021.05.18"]
[WhiteClock "0:00:37"]
[BlackClock "0:00:30"]

1. e4 e5 2. Nf3 Nc6 3. Bc4 Bc5 4. c3 Nf6 5. d4 exd4 6. e5 d5 7. Bb5 Ne4 8. cxd4 Bb6 9. Nc3 O-O 10. Be3 Bg4 11. h3 Bh5 12. Qc2 Nxc3 13. bxc3 f6 14. exf6 Qxf6 15. Be2 Bg6 16. Qd2 h6 17. O-O Rae8 18. Bb5 Be4 19. Bxc6 Qxc6 20. Ne5 Qe6 21. f3 Bh7 22. Rae1 c6 23. Bf2 Qf5 24. Bg3 Re6 25. Ng4 Rfe8 26. Kh2 Qd3 27. Qf4 Rxe1 28. Rxe1 Rf8 29. Qc1 Qc2 30. Qe3 Qd3 31. Qe6+ Rf7 32. Ne5 Qf5 33. Nxf7 Qxf7 34. Qc8+ 1-0


[Site "https://www.chess.com"]

[Event "Titled Tuesday Blitz May 18 2021"]
[White "Shahade, Gregory"]
[Black "Oparin, Grigoriy"]
[WhiteFideId "2009064"]
[BlackFideId "24125890"]
[WhiteElo "2622"]
[BlackElo "2628"]
[Result "0-1"]
[Round "02"]
[TimeControl "180+1"]
[Date "2021.05.18"]
[WhiteClock "0:00:06"]
[BlackClock "0:01:19"]

1. e4 e6 2. d4 b6 3. Bd3 Bb7 4. Nf3 Nf6 5. Qe2 c5 6. c3 Be7 7. O-O O-O 8. Re1 Nc6 9. a3 d5 10. e5 Ne4 11. Nbd2 cxd4 12. Nxe4 dxe4 13. Qxe4 g6 14. cxd4 Na5 15. Qf4 Nb3 16. Rb1 Bxf3 17. Qxf3 Nxc1 18. Rbxc1 Qxd4 19. Rc7 Bg5 20. g3 Rad8 21. Bc4 Qxb2 22. h4 Bd2 23. Rd1 Qxe5 24. Rxa7 Rd4 25. Ba2 Qf5 26. Qe2 Bc3 27. Rd7 Rxd1+ 28. Qxd1 h5 29. Rb7 Qf6 30. Rxb6 Bd4 31. Rb3 Qxf2+ 32. Kh1 Qxa2 0-1


[Site "https://www.chess.com"]

[Event "Titled Tuesday Blitz May 18 2021"]
[White "Svane, Rasmus"]
[Black "Piesik, Piotr"]
[WhiteFideId "4657101"]
[BlackFideId "1136194"]
[WhiteElo "2669"]
[BlackElo "2369"]
[Result "1-0"]
[Round "02"]
[TimeControl "180+1"]
[Date "2021.05.18"]
[WhiteClock "0:00:19"]
[BlackClock "0:00:12"]

1. Nf3 g6 2. e4 Bg7 3. d4 c6 4. Bd3 d6 5. O-O Nf6 6. h3 O-O 7. c3 Nbd7 8. Re1 e5 9. Be3 Qc7 10. Nbd2 b5 11. a4 bxa4 12. Qxa4 Nb6 13. Qa5 Be6 14. dxe5 dxe5 15. Qxe5 Qxe5 16. Nxe5 Nxe4 17. Nxc6 Nxd2 18. Bxd2 Rfe8 19. Be4 Nc4 20. Bf4 Nxb2 21. Ne7+ Rxe7 22. Bxa8 Bxc3 23. Rec1 Nd3 24. Rxc3 Nxf4 25. Rca3 Rc7 26. Rxa7 Rc2 27. Be4 Re2 28. Bf3 Rd2 29. Rd1 Rb2 30. Raa1 h5 31. Rab1 Ra2 32. Ra1 Rb2 33. Rd4 Ne2+ 34. Bxe2 Rxe2 35. Rad1 Kg7 36. R4d2 Re4 37. f3 Rb4 38. Rd4 Rb2 39. R1d2 Rb1+ 40. Kf2 Rb3 41. Ra4 Rc3 42. h4 Rb3 43. Rad4 Rc3 44. Kg3 Kf6 45. Rf4+ Kg7 46. Rb2 Ra3 47. Rd4 Kf6 48. Rdd2 Rc3 49. Rb7 Ra3 50. Re2 Rc3 51. Re4 Ra3 52. Rf4+ Kg7 53. Rd4 Kf6 54. Rb2 Rc3 55. Kf4 Ra3 56. Rdb4 Rc3 57. Rd2 Ra3 58. Rbd4 Rc3 59. Rd1 Ra3 60. Rh1 Rc3 61. Rb4 Ra3 62. Re4 Rc3 63. Ra4 Rb3 64. Rd4 Rc3 65. g4 hxg4 66. fxg4 Ra3 67. g5+ Kg7 68. Ke5 Re3+ 69. Kd6 Bf5 70. Rc1 Re6+ 71. Kc7 Re7+ 72. Kb8 Re3 73. Rc7 Be6 74. Ka7 Rb3 75. Rb7 Ra3+ 76. Kb8 Rc3 77. Rb6 Rc5 78. Ka7 Ra5+ 79. Ra6 Rb5 80. Rb6 Ra5+ 81. Kb7 Rc5 82. Rbb4 Rc3 83. Kb6 Rh3 84. Rb5 Rc3 85. Ra5 Rb3+ 86. Kc5 Rc3+ 87. Kb4 Re3 88. Ra8 Rb3+ 89. Ka4 Re3 90. Rdd8 f5 91. Ra7+ Bf7 92. Rdd7 1-0


[Site "https://www.chess.com"]

[Event "Titled Tuesday Blitz May 18 2021"]
[White "Valdes Romero, Leonardo"]
[Black "Alekseenko, Kirill"]
[WhiteFideId "6500331"]
[BlackFideId "4135539"]
[WhiteElo "2497"]
[BlackElo "2580"]
[Result "0-1"]
[Round "02"]
[TimeControl "180+1"]
[Date "2021.05.18"]
[WhiteClock "0:00:43"]
[BlackClock "0:00:24"]

1. Nf3 d5 2. g3 Nc6 3. Bg2 e5 4. d3 Nf6 5. O-O Bc5 6. c3 a5 7. Qc2 O-O 8. Nbd2 Re8 9. e4 h6 10. b3 d4 11. Bb2 dxc3 12. Bxc3 Nb4 13. Bxb4 Bxb4 14. a3 Bf8 15. Nc4 Nd7 16. Rfd1 b5 17. Ne3 Bb7 18. d4 exd4 19. Nxd4 b4 20. a4 c5 21. Nb5 Bc6 22. Nc4 Qb8 23. Nbd6 Re6 24. Nf5 Ne5 25. Nfe3 Qb7 26. Nxe5 Rxe5 27. f3 Ree8 28. Nc4 Qc7 29. Kh1 g5 30. Rd3 Bg7 31. Rad1 Rad8 32. Qc1 Rxd3 33. Rxd3 Rd8 34. Qd1 Rd4 35. Rxd4 Bxd4 36. Qd2 Bd7 37. Ne3 Be6 38. Nd5 Bxd5 39. exd5 Qe5 40. f4 Qf5 41. h3 Qb1+ 0-1


[Site "https://www.chess.com"]

[Event "Titled Tuesday Blitz May 18 2021"]
[White "gross-aleks"]
[Black "Sjugirov, Sanan"]
[BlackFideId "4189302"]
[WhiteElo "2609"]
[BlackElo "2472"]
[Result "0-1"]
[Round "02"]
[TimeControl "180+1"]
[Date "2021.05.18"]
[WhiteClock "0:00:08"]
[BlackClock "0:00:08"]

1. d4 Nf6 2. c4 g6 3. Nc3 d5 4. e3 Bg7 5. cxd5 Nxd5 6. Bc4 Nxc3 7. bxc3 O-O 8. Nf3 c5 9. O-O Nc6 10. Ba3 b6 11. dxc5 Qc7 12. Nd4 Bb7 13. Be2 Rfd8 14. Qb3 Na5 15. Qb4 Bf8 16. Qb5 e5 17. cxb6 axb6 18. Bxf8 Rxf8 19. Nf3 Ba6 20. Qb2 Bxe2 21. Qxe2 Nc4 22. Rab1 Rfc8 23. Rb4 Ra3 24. Rb3 Ra5 25. Rfb1 Rc5 26. h3 Rd8 27. e4 Qd6 28. Rb5 Qc6 29. Rxc5 Qxc5 30. Rb4 Na5 31. Rb5 Qxc3 32. Rxe5 Nc4 33. Rd5 Ra8 34. Kh2 Qb4 35. e5 Re8 36. Qe4 b5 37. Qf4 Qe7 38. Rxb5 Na3 39. Rb6 Nc2 40. Rc6 Nb4 41. Rc4 Nd5 42. Qg4 Nb6 43. Rc6 Nd5 44. Rd6 Nc3 45. h4 Nb5 46. Rf6 Nc7 47. h5 Nd5 48. Rd6 Nc7 49. hxg6 hxg6 50. Rc6 Ne6 51. Rd6 Qc7 52. Kg3 Nf8 53. Qf4 Ne6 54. Qf6 Ng7 55. a4 Nh5+ 56. Kg4 Nxf6+ 57. Rxf6 Qc4+ 58. Rf4 Qe6+ 59. Kg3 Qe7 60. Ng5 Qxg5+ 61. Kf3 Qxe5 62. g3 Qe2+ 0-1


[Site "https://www.chess.com"]

[Event "Titled Tuesday Blitz May 18 2021"]
[White "Alekseenko, Kirill"]
[Black "Ten Hertog, Hugo"]
[WhiteFideId "4135539"]
[BlackFideId "1026356"]
[WhiteElo "2580"]
[BlackElo "2493"]
[Result "1/2-1/2"]
[Round "03"]
[TimeControl "180+1"]
[Date "2021.05.18"]
[WhiteClock "0:00:05"]
[BlackClock "0:00:07"]

1. d4 Nf6 2. Nc3 g6 3. e4 d5 4. f4 Nxe4 5. Bd3 f5 6. Nf3 Bg7 7. Ne5 Nc6 8. Bb5 Qd6 9. Nxe4 fxe4 10. O-O O-O 11. Be3 Nxe5 12. dxe5 Qd8 13. Be2 b6 14. b4 Bb7 15. a4 Rc8 16. Rb1 c6 17. c3 Qc7 18. Bg4 Rcd8 19. h4 c5 20. bxc5 bxc5 21. Rxb7 Qxb7 22. Bxc5 h5 23. Bh3 Kh7 24. g4 hxg4 25. Bxg4 Bh6 26. f5 Qc6 27. Bxe7 gxf5 28. Bxf5+ Rxf5 29. Rxf5 Qg6+ 30. Rg5 Bxg5 31. Bxg5 e3 32. Qf3 Rb8 33. Qxe3 Rb2 34. Qxa7+ Kg8 35. Qa8+ Kh7 36. Qa7+ Kg8 37. Qa8+ Kh7 38. Qa7+ 1/2-1/2


[Site "https://www.chess.com"]

[Event "Titled Tuesday Blitz May 18 2021"]
[White "Aliavdin, Nikolai"]
[Black "Pantsulaia, Levan"]
[WhiteFideId "13502883"]
[BlackFideId "13602071"]
[WhiteElo "2268"]
[BlackElo "2530"]
[Result "0-1"]
[Round "03"]
[TimeControl "180+1"]
[Date "2021.05.18"]
[WhiteClock "0:00:17"]
[BlackClock "0:00:43"]

1. e4 c5 2. Nf3 e6 3. d4 cxd4 4. Nxd4 a6 5. c4 Nf6 6. Nc3 Qc7 7. a3 Nxe4 8. Nxe4 Qe5 9. Qc2 Qxd4 10. Be3 Qe5 11. O-O-O Nc6 12. f4 Qc7 13. c5 Be7 14. Nd6+ Bxd6 15. Rxd6 b5 16. Kb1 Bb7 17. f5 Ne7 18. Bf4 Qc8 19. Bd3 Bd5 20. Re1 h6 21. Rb6 Bc6 22. Bd6 Nd5 23. fxe6 dxe6 24. Rxc6 Qxc6 25. Be4 O-O-O 26. Ka1 Rxd6 27. cxd6 Qxc2 28. Bxc2 Kd7 29. Be4 Kxd6 30. Rc1 f5 31. Bf3 g5 32. b4 g4 33. Bxd5 Kxd5 34. Rc7 e5 35. Kb2 h5 36. Kc3 h4 37. Kd3 h3 38. g3 f4 39. Rc5+ Kd6 40. gxf4 exf4 41. Ke4 g3 42. Kxf4 g2 43. Rc1 Rf8+ 44. Kg3 Rf1 0-1


[Site "https://www.chess.com"]

[Event "Titled Tuesday Blitz May 18 2021"]
[White "Arabidze, Meri"]
[Black "dropstoneDP"]
[WhiteFideId "13604040"]
[WhiteElo "2432"]
[BlackElo "2891"]
[Result "0-1"]
[Round "03"]
[TimeControl "180+1"]
[Date "2021.05.18"]
[WhiteClock "0:00:04"]
[BlackClock "0:00:04"]

1. Nf3 d5 2. d4 Nf6 3. c4 e6 4. Nc3 Bd7 5. e3 Be7 6. Qc2 O-O 7. Bd3 dxc4 8. Bxc4 c5 9. O-O Bc6 10. Ne5 cxd4 11. Rd1 Qc7 12. exd4 Nbd7 13. Bf4 Nxe5 14. Bxe5 Qa5 15. Bd3 h6 16. a3 Rac8 17. Qd2 Nd5 18. b4 Qd8 19. Ne4 Nf6 20. f3 Nxe4 21. Bxe4 Bd5 22. Rac1 Qd7 23. Qf2 Bg5 24. Rxc8 Rxc8 25. h4 Be7 26. Qg3 f6 27. Bf4 Bxe4 28. fxe4 Kh7 29. d5 e5 30. Bd2 h5 31. Qf3 Kg6 32. Be1 Bd6 33. Bf2 b6 34. Qg3+ Qg4 35. Qd3 Kf7 36. Re1 Rc7 37. Qb5 Qd7 38. Qe2 g6 39. Qf3 Kg7 40. Rf1 Qg4 41. Qd3 Qc8 42. Qf3 Qg4 43. Qd3 Qd7 44. Qf3 Be7 45. Bg3 Qg4 46. Qf2 Rd7 47. Bh2 Qxe4 48. Re1 Qxd5 49. Rf1 Qe6 50. Re1 a5 51. bxa5 Bc5 52. a4 Bxf2+ 0-1


[Site "https://www.chess.com"]

[Event "Titled Tuesday Blitz May 18 2021"]
[White "BEEkhishig"]
[Black "Abdusattorov, Nodirbek"]
[BlackFideId "14204118"]
[WhiteElo "2686"]
[BlackElo "2662"]
[Result "0-1"]
[Round "03"]
[TimeControl "180+1"]
[Date "2021.05.18"]
[WhiteClock "0:00:08"]
[BlackClock "0:01:35"]

1. d4 Nf6 2. Nf3 d5 3. Bf4 c5 4. e3 Nc6 5. Nbd2 Nh5 6. Bg3 e6 7. c3 Be7 8. Bd3 O-O 9. Ne5 g6 10. f4 Nxe5 11. fxe5 f5 12. O-O Nxg3 13. hxg3 Bd7 14. Qe2 c4 15. Bc2 b5 16. a3 a5 17. g4 b4 18. gxf5 exf5 19. axb4 axb4 20. Rxa8 Qxa8 21. Nf3 Be6 22. Qd2 Rb8 23. g4 fxg4 24. Nh2 Qa2 25. Bb1 bxc3 26. Qxc3 Qxb2 27. Qa5 Bg5 28. Qa6 Bxe3+ 29. Kh1 Qb6 30. Qa3 Bxd4 31. Qe7 Bxe5 32. Re1 Qd6 33. Qxd6 Bxd6 34. Bxg6 hxg6 35. Rxe6 Rb1+ 36. Kg2 Rb2+ 37. Re2 Rxe2+ 0-1


[Site "https://www.chess.com"]

[Event "Titled Tuesday Blitz May 18 2021"]
[White "Barseghyan, Armen Ar."]
[Black "Sadhwani, Raunak"]
[WhiteFideId "13306707"]
[BlackFideId "35093487"]
[WhiteElo "2337"]
[BlackElo "2514"]
[Result "1/2-1/2"]
[Round "03"]
[TimeControl "180+1"]
[Date "2021.05.18"]
[WhiteClock "0:00:36"]
[BlackClock "0:00:24"]

1. d4 c5 2. d5 e5 3. e4 d6 4. Nc3 Be7 5. Nf3 Bg4 6. h3 Bxf3 7. Qxf3 a6 8. Qg3 g6 9. a4 Bh4 10. Qg4 h5 11. Qd1 Bg5 12. Bd3 Bxc1 13. Qxc1 Nd7 14. Rb1 Ngf6 15. O-O O-O 16. Re1 h4 17. Nd1 Nh5 18. Ne3 Nf4 19. Bf1 Nf6 20. Nc4 b5 21. axb5 axb5 22. Na3 Ra4 23. c4 b4 24. Nb5 Qe7 25. b3 Ra5 26. Ra1 Rfa8 27. Rxa5 Rxa5 28. Qb2 Qd8 29. f3 Kf8 30. Ra1 Ke7 31. Na7 Rxa7 32. Rxa7+ Kf8 33. Qa2 Kg7 34. Qa5 Qxa5 35. Rxa5 Kf8 36. Ra7 Ke8 37. Kf2 N6h5 38. Ra6 Ke7 39. Ra7+ Ke8 40. Ra8+ Ke7 41. Rh8 Kd7 42. Rf8 Ke7 43. Ra8 Ng3 44. Ra7+ Ke8 45. Ra6 Ke7 46. Ra8 Nh1+ 47. Kg1 Ng3 48. Kf2 Nh1+ 49. Kg1 Ng3 50. Kf2 1/2-1/2


[Site "https://www.chess.com"]

[Event "Titled Tuesday Blitz May 18 2021"]
[White "Bortnyk, Olexandr"]
[Black "Moultino06"]
[WhiteFideId "14120828"]
[WhiteElo "2723"]
[BlackElo "2722"]
[Result "1-0"]
[Round "03"]
[TimeControl "180+1"]
[Date "2021.05.18"]
[WhiteClock "0:00:22"]
[BlackClock "0:00:05"]

1. e4 d5 2. exd5 Qxd5 3. Nc3 Qa5 4. Nf3 Nf6 5. d4 Bf5 6. h3 c6 7. Bc4 e6 8. O-O Nbd7 9. Qe2 Be7 10. Re1 O-O 11. Bd2 Qc7 12. Bd3 Bxd3 13. Qxd3 Rfd8 14. Ng5 h6 15. Nf3 c5 16. Qe2 cxd4 17. Nxd4 Nb6 18. Ncb5 Qc4 19. Ba5 Rxd4 20. Nxd4 Qxd4 21. b3 Nbd5 22. c4 Nf4 23. Qf3 Ng6 24. Qxb7 Re8 25. Rad1 Qc5 26. Bc3 Rd8 27. Rxd8+ Bxd8 28. Qa8 Qf8 29. Qxa7 Kh7 30. Rd1 Be7 31. Bd4 e5 32. Be3 Nh5 33. Rd7 Nhf4 34. a4 Bb4 35. Rxf7 Qg8 36. Qd7 1-0


[Site "https://www.chess.com"]

[Event "Titled Tuesday Blitz May 18 2021"]
[White "Fernandez, Daniel Howard"]
[Black "Nakamura, Hikaru"]
[WhiteFideId "5801605"]
[BlackFideId "2016192"]
[WhiteElo "2468"]
[BlackElo "2900"]
[Result "0-1"]
[Round "03"]
[TimeControl "180+1"]
[Date "2021.05.18"]
[WhiteClock "0:00:11"]
[BlackClock "0:00:12"]

1. e4 g6 2. d4 Bg7 3. Nc3 a6 4. Be3 b5 5. h4 h5 6. Nh3 Bb7 7. Ng5 d6 8. f3 e6 9. Qd2 Nd7 10. a4 b4 11. Nd1 a5 12. c3 bxc3 13. Nxc3 Ngf6 14. Rc1 O-O 15. Be2 c6 16. O-O Ba6 17. Bxa6 Rxa6 18. Ne2 Qb8 19. Nf4 Re8 20. Qd3 Rb6 21. e5 Rb3 22. Rc3 Rxc3 23. bxc3 dxe5 24. Rb1 Qc8 25. Nxf7 Kxf7 26. Qxg6+ Kg8 27. Nh3 exd4 28. Bh6 Re7 29. cxd4 Nf8 30. Qg3 Rb7 31. Bxg7 Rxg7 32. Ng5 Qc7 33. Qe1 Qd6 34. Rd1 Nd5 35. Qxa5 Qf4 36. Qd8 Qxh4 37. Nxe6 Rxg2+ 38. Kxg2 Ne3+ 0-1


[Site "https://www.chess.com"]